 Dungeon Crawl Stone Soup version 0.28.0-53-g5a82cb258f (webtiles) character file.

Game seed: 16939608934640993082

23 sanboga the Shield-Bearer (level 2, 0/19 HPs)
             Began as a Gargoyle Fighter on May 30, 2022.
             Slain by a dart slug (3 damage)
             ... on level 2 of the Dungeon.
             The game lasted 00:00:54 (1017 turns).

sanboga the Shield-Bearer (Gargoyle Fighter)        Turns: 1017, Time: 00:00:55

Health: 0/19       AC: 10    Str: 19    XL:     2   Next: 95%
Magic:  2/2        EV:  9    Int:  8    God:
Gold:   92         SH:  4    Dex:  9    Spells: 1/1 levels left

rFire   . . .      SeeInvis .   a - +0 war axe
rCold   . . .      Faith    .   c - +0 buckler
rNeg    + . .      Spirit   .   b - +0 scale mail
rPois   ∞          Reflect  .   (no helmet)
rElec   +          Harm     .   e - +0 cloak
rCorr   .          Rampage  .   (no gloves)
Will    .....                   (no boots)
Stlth   ..........              (no amulet)
HPRegen 0.06/turn               (no ring)
MPRegen 0.08/turn               (no ring)

@: mighty
A: sickness immunity, AC +2, negative energy resistance 1, electricity
resistance, torment resistance 1, petrification resistance
a: no special abilities


You were on level 2 of the Dungeon.
You visited 1 branch of the dungeon, and saw 2 of its levels.

You collected 92 gold pieces.

Inventory:

Hand Weapons
 a - a +0 war axe (weapon)
Armour
 b - a +0 scale mail (worn)
 c - a +0 buckler (worn)
 e - a +0 cloak (worn)
Scrolls
 f - a scroll of vulnerability {unknown}
 g - a scroll of enchant armour {unknown}


   Skills:
 + Level 3.5 Fighting
 * Level 2.3 Axes
 + Level 3.5 Armour
 + Level 3.5 Shields


You had one spell level left.
You didn't know any spells.
Your spell library was empty.

Dungeon Overview and Level Annotations

Branches:
Dungeon (2/15)

Altars:
Gozag


Innate Abilities, Weirdness & Mutations

You are immune to sickness and miasma.
Your stone body is resilient. (AC +2)
You are immune to poison.
You resist negative energy. (rN+)
You are resistant to electric shocks. (rElec)
You are resistant to unholy torment.
You are immune to petrification.


Message History

The hobgoblin barely misses you. The goblin hits you but does no damage.
A dart slug comes into view.
You hit the hobgoblin.
You kill the hobgoblin!
You miss the goblin. The bat hits you but does no damage.
The goblin hits you but does no damage.
You closely miss the bat.
The bat is moderately wounded.
The adder hisses angrily.
You hit the goblin.
You kill the goblin!
The bat barely misses you. The dart slug launches a dart at you.
The slug dart hits you.
Found an opulent altar of Gozag.
The bat hits you but does no damage.
A bat comes into view.
A scorpion comes into view.
Things that are here:
a hobgoblin corpse; a ball python corpse A worm comes into view.
The bat hits you but does no damage. The bat barely misses you.
The bat hits you but does no damage. The bat barely misses you.
The dart slug launches a dart at you. The slug dart misses you.
Found a chain mail.
The bat hits you but does no damage. The bat barely misses you.
You block the dart slug's attack.
You hit the dart slug but do no damage. The bat barely misses you. x2
You hit the scorpion but do no damage. You slash the dart slug!
The bat hits you but does no damage. The bat closely misses you.
The scorpion stings you. The dart slug barely misses you.
The scorpion stings you.
* * * LOW HITPOINT WARNING * * *
You are too injured to fight recklessly!
You are too injured to fight recklessly!
You are too injured to fight recklessly!
You are too injured to fight recklessly!
You are too injured to fight recklessly!
You feel very mighty all of a sudden. The bat hits you but does no damage.
The adder barely misses you. The bat hits you but does no damage.
The dart slug bites you.
You die...

...[.......
..........
.......... .......
... ...b.. ...._
..# #...# .......
....#.w.# #... ..
......b@####.##.. .
.##....sS....?.....
...........w.##....
...>.....†#.......>
.........)...##..
......##.###.## .
.....# #.. #..##
... .#.#. ##.
##..##...(. #.# #
#.........


You could see a worm, a scorpion, an adder, a dart slug and 2 bats.

Vanquished Creatures
  4 bats (D:1)
  2 endoplasms (D:1)
  A giant cockroach (D:1)
  4 goblins
  3 hobgoblins
  A kobold (D:1)
  A quokka (D:1)
  A ball python (D:2)
  A rat (D:1)
18 creatures vanquished.

Notes
Turn   | Place    | Note
-------+----------+-------------------------------------------
     0 | D:1      | sanboga the Gargoyle Fighter began the quest for the Orb.
     0 | D:1      | Reached XP level 1. HP: 14/14 MP: 1/1
    84 | D:1      | Reached XP level 2. HP: 10/19 MP: 2/2
   380 | D:1      | Found a faded altar of an unknown god.
  1011 | D:2      | Found an opulent altar of Gozag.
  1011 | D:2      | Noticed a scorpion
  1017 | D:2      | Slain by a dart slug

Illustrated notes

Levels and vault maps discovered:
D:1:      dpeg_arrival_arbitrary_c, layout_loops_ring,
          chequers_ecumenical_altar_simple_redux
D:2:      layout_rooms, basic_altar, uniq_natasha

Skill      XL: |  1 |
---------------+----+-----
Axes           | 2 |  2.3
Fighting       | |  3.5
Armour         | |  3.5
Shields        | |  3.5

Action                   || total
-------------------------++-------
Melee: War axe           ||    60
  Use: Potion            ||     1
Armor: Scale mail        ||    41
Dodge: Dodged            ||    45
Block: Buckler           ||    18
